 Dungeon Crawl Stone Soup version 0.30.0-29-ga12c61a403 (webtiles) character file.

Game seed: 16256397210923847396

1036 seaoflcl the Cudgeller (level 8, -2/61 HPs)
             Began as a Human Fighter on June 5, 2023.
             Was an Initiate of Okawaru.
             Slain by Edmund
             ... wielding a +2 flail of protection
              (8 damage)
             ... on level 5 of the Dungeon.
             The game lasted 00:08:37 (5754 turns).

seaoflcl the Cudgeller (Human Fighter)              Turns: 5754, Time: 00:08:38

Health: -2/61      AC: 11    Str: 24    XL:     8   Next: 48%
Magic:  8/8        EV:  8    Int:  8    God:    Okawaru [......]
Gold:   259        SH:  5    Dex: 13    Spells: 7/7 levels left

rFire   . . .        d - +0 hammer of Atray {vamp, Str+5}
rCold   + . .        c - +0 buckler
rNeg    . . .        m - +0 chain mail
rPois   .            (no helmet)
rElec   .            h - +0 cloak
rCorr   .            (no gloves)
SInv    .            A - +0 pair of boots
Will    .....        (no amulet) Stlth
                     B - ring of protection from cold
HPRegen 0.30/turn    (no ring)
MPRegen 0.11/turn

%: no passive effects
@: no status effects
A: no striking features
a: Renounce Religion


You were on level 5 of the Dungeon.
You worshipped Okawaru.
Okawaru was noncommittal.
You visited 2 branches of the dungeon, and saw 6 of its levels.

You collected 259 gold pieces.

Inventory:

Hand Weapons
 a - a +0 long sword
 d - the +0 hammer of Atray (weapon) {vamp, Str+5}
   (You found it on level 2 of the Dungeon)

   Str:       It affects your strength (+5).
 F - a +1 whip of freezing
Armour
 c - a +0 buckler (worn)
 h - a +0 cloak (worn)
 m - a +0 chain mail (worn)
 A - a +0 pair of boots (worn)
Jewellery
 l - an amulet of magic regeneration
 B - a ring of protection from cold (left hand)
Wands
 x - a wand of polymorph (6)
Scrolls
 e - a scroll of noise {unknown}
 j - 4 scrolls of teleportation {unknown}
 k - 7 scrolls of identify {unknown}
 n - a scroll of blinking {unknown}
 p - 3 scrolls of fog {unknown}
 q - 2 scrolls of enchant armour {unknown}
 r - a scroll of immolation {unknown}
 t - a scroll of brand weapon {unknown}
 u - a scroll of torment {unknown}
 w - 2 scrolls of magic mapping {unknown}
 y - a scroll of fear {unknown}
 H - a scroll of vulnerability {unknown}
Potions
 b - a potion of cancellation {unknown}
 g - a potion of flight {unknown}
 i - 2 potions of ambrosia {unknown}
 o - a potion of magic {unknown}
 s - 2 potions of heal wounds {unknown}
 v - 2 potions of haste {unknown}
 z - a potion of degeneration {unknown}
 C - a potion of attraction {unknown}
 D - a potion of lignification {unknown}
 E - 2 potions of invisibility {unknown}
 G - 2 potions of brilliance {unknown}


   Skills:
 + Level 4.3 Fighting
 - Level 3.1 Long Blades
 * Level 6.9 Maces & Flails
 + Level 4.3 Armour
 + Level 4.3 Shields


You had 7 spell levels left.
You didn't know any spells.
Your spell library contained the following spells:

 Spells                   Type           Power      Damage    Failure   Level
 Slow                     Hex            0%         N/A       96%         1
 Confusing Touch          Hex            0%         N/A       100%        3
 Vampiric Draining        Necr           0%         2d6       100%        3


Dungeon Overview and Level Annotations

Branches:
Dungeon (5/15)             Temple (1/1) D:5

Altars:
Ashenzari
Dithmenos
Elyvilon
Fedhas
Hepliaklqana
Makhleb
Nemelex Xobeh
Okawaru
Qazlal
Vehumet
Wu Jian
Xom
Zin

Annotations:
D:3 3 runed translucent doors, Irreverend's ghost, amateur GrEE
D:5 Edmund


Message History

You barely miss Edmund.
Edmund is severely wounded.
Edmund hits you with a +2 flail of protection.
Edmund hits you but does no damage.
You hit Edmund but do no damage.
Edmund is severely wounded.
Edmund hits you with a +2 flail of protection.
You hit Edmund but do no damage.
Edmund is severely wounded.
Edmund hits you with a +2 flail of protection!
* * * LOW HITPOINT WARNING * * *
You feel better. You block Edmund's attack.
You hit Edmund but do no damage.
Edmund is severely wounded.
Edmund hits you with a +2 flail of protection.
* * * LOW HITPOINT WARNING * * *
You hit Edmund.
Edmund is severely wounded.
Edmund closely misses you.
You feel better. You block Edmund's attack.
You completely miss Edmund.
Edmund is severely wounded.
Edmund hits you with a +2 flail of protection.
* * * LOW HITPOINT WARNING * * *
You completely miss Edmund.
Edmund is severely wounded.
Edmund hits you with a +2 flail of protection.
* * * LOW HITPOINT WARNING * * *
You closely miss Edmund.
Edmund is severely wounded.
You block Edmund's attack.
You hit Edmund.
You feel better.
Edmund is almost dead.
Edmund hits you with a +2 flail of protection!
* * * LOW HITPOINT WARNING * * *
You block Edmund's attack.
You closely miss Edmund.
Edmund is almost dead.
Edmund hits you with a +2 flail of protection!
You die...

##.## #.......
#......# ....#
##....###.###......#
###.##
#.......#.....######
###[.#####
#.......####..#
#..[[....#
#.......###..##
.....#...#
#####.###...##
.....##..# #.###.###
####
.....##..#######@##..#
#...
.....##..##.....@##.##
#.##
.######..##.##...#..#
#.# .# #.)##........##
#.# .# ##..#..#...###
#.# ## #.....#...# #.#
#...>.##### #.# #####
#..#.## #(## ....#
#..#.# #.## ###.#
#..#.#
##############.##


You could see Edmund.

Vanquished Creatures
  Grinder (D:3)
  2 water moccasins
  A black bear (D:4)
  A phantom (D:5)
  3 hounds
  A gnoll bouda (D:5)
  2 orc priests
  Crazy Yiuf (D:2)
  An iguana (D:4)
  An orc wizard (D:4)
  5 gnolls (D:5)
  6 adders
  An ufetubus (D:4)
  2 worms (D:3)
  5 dart slugs
  12 orcs
  11 ball pythons
  6 endoplasms
  8 giant cockroaches
  7 hobgoblins
  4 quokkas
  2 bats
  3 frilled lizards
  6 goblins
  5 kobolds
  3 rats
100 creatures vanquished.

Notes
Turn   | Place    | Note
-------+----------+-------------------------------------------
     0 | D:1      | seaoflcl the Human Fighter began the quest for the Orb.
     0 | D:1      | Reached XP level 1. HP: 18/18 MP: 1/1
    73 | D:1      | Reached XP level 2. HP: 22/24 MP: 2/2
   248 | D:1      | Reached XP level 3. HP: 25/29 MP: 3/3
   906 | D:2      | Reached XP level 4. HP: 33/35 MP: 4/4
  1326 | D:2      | Found a runed translucent door.
  1327 | D:2      | Noticed Crazy Yiuf
  1447 | D:2      | Killed Crazy Yiuf
  1499 | D:2      | Identified the +0 hammer of Atray {vamp, Str+5}
  1728 | D:3      | Found a runed translucent gate.
  1728 | D:3      | Found a runed translucent gate.
  1728 | D:3      | Found a runed translucent gate.
  1729 | D:3      | Noticed Irreverend's ghost (amateur GrEE)
  1840 | D:3      | Reached XP level 5. HP: 41/41 MP: 5/5
  1896 | D:3      | Noticed a water moccasin
  1917 | D:3      | Killed a water moccasin
  1918 | D:3      | Reached skill level 3 in Maces & Flails
  1918 | D:3      | Reached XP level 6. HP: 22/47 MP: 6/6
  2039 | D:3      | Noticed Grinder
  2531 | D:3      | Paralysed by Grinder for 5 turns
  2540 | D:3      | Paralysed by Grinder for 2 turns
  2545 | D:3      | Killed Grinder
  2546 | D:3      | Reached skill level 5 in Maces & Flails
  2546 | D:3      | Reached XP level 7. HP: 25/52 MP: 7/7
  2687 | D:3      | Found a sparkling altar of Nemelex Xobeh.
  3043 | D:3      | Found a blossoming altar of Fedhas.
  3367 | D:4      | Reached skill level 6 in Maces & Flails
  4532 | D:5      | Entered Level 5 of the Dungeon
  4553 | D:5      | Noticed a water moccasin
  4573 | D:5      | Killed a water moccasin
  4574 | D:5      | Reached XP level 8. HP: 37/60 MP: 8/8
  4833 | D:5      | Found a staircase to the Ecumenical Temple.
  4847 | Temple   | Entered the Ecumenical Temple
  4861 | Temple   | Became a worshipper of Warmaster Okawaru
  5714 | D:5      | Noticed Edmund
  5754 | D:5      | Slain by Edmund

Illustrated notes

Levels and vault maps discovered:
D:1:      dpeg_arrival_court, layout_basic
D:2:      layout_rooms, uniq_crazy_yiuf_cottage
D:3:      layout_loops_ring, nemelex_diamond_rough_becter, fedhas_altar_4,
          gammafunk_ghost_split, uniq_grinder
D:4:      layout_basic
D:5:      layout_basic, minmay_temple_entry_mist, minmay_misc_feat_rows,
          uniq_edmund
Temple:   compressed_dpeg_triangle_lava_temple

Skill      XL: |  1  2  3  4  5  6  7 |
---------------+----------------------+-----
Long Blades    | 3 |  3.1
Maces & Flails | 3 5 6 |  6.9
Fighting       | 4 |  4.3
Armour         | 4 |  4.3
Shields        | 4 |  4.3

Action                     |  1- 3 |  4- 6 |  7- 9 || total
---------------------------+-------+-------+-------++-------
  Melee: Long sword        |   104 |    15 |       ||   119
         Mace              |       |    83 |   277 ||   360
    Use: Potion            |       |     1 |     3 ||     4
 Armour: Scale mail        |    34 |       |       ||    34
         Chain mail        |    21 |    45 |   157 ||   223
  Dodge: Dodged            |    50 |    30 |   102 ||   182
  Block: Buckler           |    32 |    20 |    79 ||   131
